 Seeded DCSS version 0.29.1-13-g9f3cf754e1 (webtiles) character file.

Game seed: 20230120 (custom seed)

87 stormannn the Trooper (level 4, -1/29 HPs)
             Began as a Gargoyle Fighter on Jan 20, 2023.
             Slain by Robin
             ... wielding a +0 spear
              (2 damage)
             ... on level 2 of the Dungeon.
             The game lasted 00:01:49 (1544 turns).

stormannn the Trooper (Gargoyle Fighter)            Turns: 1544, Time: 00:01:49

Health: -1/29      AC: 10    Str: 21    XL:     4   Next: 51%
Magic:  4/4        EV:  9    Int:  9    God:
Gold:   67         SH:  4    Dex:  9    Spells: 3/3 levels left

rFire   . . .      SeeInvis .   a - +0 flail (vamp)
rCold   . . .      Faith    .   c - +0 buckler
rNeg    + . .      Spirit   .   b - +0 scale mail
rPois   ∞          Reflect  .   (no helmet)
rElec   +          Harm     .   (no cloak)
rCorr   .          Rampage  .   (no gloves)
Will    .....                   (no boots)
Stlth   ..........              (no amulet)
HPRegen 0.09/turn               (no ring)
MPRegen 0.09/turn               (no ring)

@: no status effects
A: sickness immunity, AC +3, negative energy resistance 1, electricity
resistance, torment resistance 1, petrification resistance
a: no special abilities


You were on level 2 of the Dungeon.
You visited 1 branch of the dungeon, and saw 2 of its levels.

You collected 67 gold pieces.

Inventory:

Hand Weapons
 a - a +0 vampiric flail (weapon)
Armour
 b - a +0 scale mail (worn)
 c - a +0 buckler (worn)
Jewellery
 f - a ring of protection from cold
Scrolls
 e - a scroll of poison
 i - a scroll of enchant armour {unknown}
Potions
 d - a potion of might
 g - a potion of berserk rage {unknown}
 h - a potion of degeneration


   Skills:
 + Level 4.1 Fighting
 * Level 3.9 Maces & Flails
 - Level 3.2 Armour
 - Level 3.2 Shields


You had 3 spell levels left.
You didn't know any spells.
Your spell library was empty.

Dungeon Overview and Level Annotations

Branches:
Dungeon (2/15)

Altars:

Annotations:
D:2 Robin


Innate Abilities, Weirdness & Mutations

You are immune to sickness and miasma.
Your stone body is resilient. (AC +3)
You are immune to poison.
You resist negative energy. (rN+)
You are resistant to electric shocks. (rElec)
You are resistant to unholy torment.
You are immune to petrification.


Message History

Robin zaps a wand.
The puff of flame hits you. Robin hits you but does no damage.
You sock Robin!
You feel better.
Robin is severely wounded.
You block Robin's attack.
You completely miss Robin.
Robin is severely wounded.
Robin hits you but does no damage.
You closely miss Robin.
Robin is severely wounded.
Robin misses you.
You closely miss Robin.
Robin is severely wounded.
Robin zaps a wand.
The puff of flame hits you. Robin hits you but does no damage.
You closely miss Robin.
Robin is severely wounded.
Robin zaps a wand.
The puff of flame hits you!
* * * LOW HITPOINT WARNING * * *
You are too injured to fight recklessly!
You barely miss Robin.
Robin is severely wounded.
Robin misses you.
You hit Robin but do no damage.
Robin is severely wounded.
Robin barely misses you.
You hit Robin.
Robin is almost dead.
Robin zaps a wand.
The puff of flame misses you. Robin hits you with a +0 spear.
* * * LOW HITPOINT WARNING * * *
You barely miss Robin.
Robin is almost dead.
Robin zaps a wand.
The puff of flame hits you.
* * * LOW HITPOINT WARNING * * *
Okay, then.
You hit Robin but do no damage.
Robin is almost dead.
Robin hits you with a +0 spear.
You die...

.#####..## #.##
###########.#
........)...#
#.####.####.#
#.#..'.'..#.#
#.#..#.#†.#.#
##.#'##)#†##)#'##.#
......g@.).)))....#
##.#'##.#'##.#'##.#
#.#..#.#..#.######
+.'..#.#.⌠#.#.....
#.####.####.#...##
... ... ..###.##
#### ######## #..<
#.# ###. #.## ##


You could see Robin.

Vanquished Creatures
  A hound (D:2)
  An adder (D:2)
  2 dart slugs
  2 endoplasms
  3 giant cockroaches (D:1)
  7 goblins (D:2)
  6 hobgoblins
  3 jackals (D:1)
  A quokka (D:2)
  3 ball pythons
  2 bats (D:1)
  3 frilled lizards
  7 kobolds
  2 rats
43 creatures vanquished.

Notes
Turn   | Place    | Note
-------+----------+-------------------------------------------
     0 | D:1      | stormannn the Gargoyle Fighter began the quest for the Orb.
     0 | D:1      | Reached XP level 1. HP: 14/14 MP: 1/1
    82 | D:1      | Reached XP level 2. HP: 15/19 MP: 2/2
   426 | D:1      | Found a faded altar of an unknown god.
   835 | D:2      | Reached XP level 3. HP: 7/24 MP: 3/3
  1461 | D:2      | Reached skill level 4 in Fighting
  1461 | D:2      | Reached XP level 4. HP: 26/29 MP: 4/4
  1527 | D:2      | Noticed Robin
  1543 | D:2      | HP: 1/29 [Robin/puff of flame (4)]
  1544 | D:2      | Slain by Robin

Illustrated notes

Levels and vault maps discovered:
D:1:      psy_arrival_conway, layout_basic,
          shapermc_ecumenical_altar_mp_ritualfount
D:2:      minmay_door_path, layout_rooms, grunt_ministairs_12, uniq_robin

Skill      XL: |  1  2  3 |
---------------+----------+-----
Maces & Flails | 3 |  3.9
Fighting       | 4 |  4.1
Armour         | |  3.2
Shields        | |  3.2

Action                   |  1- 3 |  4- 6 || total
-------------------------+-------+-------++-------
Melee: Flail             |   100 |    41 ||   141
  Use: Scroll            |     5 |       ||     5
Armor: Scale mail        |    75 |    15 ||    90
Dodge: Dodged            |    57 |    15 ||    72
Block: Buckler           |    30 |     8 ||    38
